 Dungeon Crawl Stone Soup version 0.29-a0-418-gc0181ea820 (webtiles) character file.

Game seed: 11378292843236634436

783 Ijustatesigmund the Firebug (level 7, -1/51 HPs)
             Began as a Gnoll Fire Elementalist on May 17, 2022.
             Slain by an ice beast (3 damage)
             ... on level 5 of the Dungeon.
             The game lasted 00:10:12 (4840 turns).

Ijustatesigmund the Firebug (GnFE)                  Turns: 4840, Time: 00:10:12

Health: -1/51      AC:  3    Str:  7    XL:     7   Next: 86%
Magic:  4/15       EV: 14    Int: 16    God:
Gold:   240        SH:  0    Dex: 13    Spells: 10/17 levels left

rFire   + . .      SeeInvis .   e - +1 mace (protect)
rCold   x . .      Faith    .   (no shield)
rNeg    . . .      Spirit   .   a - +1 robe
rPois   .          Reflect  .   (no helmet)
rElec   .          Harm     .   (no cloak)
rCorr   .          Rampage  .   (no gloves)
Will    .....                   (no boots)
Stlth   +++.......              (no amulet)
HPRegen 0.17/turn               g - ring of fire
MPRegen 0.14/turn               (no ring)

@: very slightly contaminated
A: fangs 1, strong nose, distributed training
a: no special abilities


You were on level 5 of the Dungeon.
You visited 1 branch of the dungeon, and saw 5 of its levels.

You collected 240 gold pieces.

Inventory:

Hand Weapons
 e - a +1 mace of protection (weapon)
Armour
 a - a +1 robe (worn)
Jewellery
 g - a ring of fire (left hand)
Wands
 n - a wand of acid (5)
 o - a wand of iceblast (8)
Scrolls
 h - a scroll of fog
 m - 2 scrolls of enchant armour
Potions
 b - a potion of magic
 c - 2 potions of curing
 d - a potion of heal wounds {unknown}
 f - a potion of might {unknown}
 i - a potion of attraction {unknown}
 j - a potion of haste {unknown}
 k - a potion of berserk rage {unknown}
 l - a potion of brilliance {unknown}
 q - a potion of mutation {unknown}


   Skills:
 + Level 2.7 Fighting
 + Level 2.7 Short Blades
 + Level 2.7 Long Blades
 + Level 2.7 Axes
 + Level 2.7 Maces & Flails
 + Level 2.7 Polearms
 + Level 2.7 Staves
 + Level 2.7 Slings
 + Level 2.7 Bows
 + Level 2.7 Crossbows
 + Level 2.7 Throwing
 + Level 2.7 Armour
 + Level 5.4 Dodging
 + Level 5.0 Stealth
 + Level 2.7 Shields
 + Level 2.7 Unarmed Combat
 + Level 5.7 Spellcasting
 + Level 3.1 Conjurations
 + Level 2.2 Hexes
 + Level 2.2 Summonings
 + Level 2.2 Necromancy
 + Level 2.2 Translocations
 + Level 2.2 Transmutations
 + Level 5.9 Fire Magic
 + Level 2.2 Ice Magic
 + Level 2.2 Air Magic
 + Level 2.2 Earth Magic
 + Level 2.2 Poison Magic
 + Level 3.0 Invocations
 + Level 2.7 Evocations


You had 10 spell levels left.
You knew the following spells:

 Your Spells              Type           Power      Damage    Failure   Level
a - Foxfire               Conj/Fire      100%       2x1d9     2%          1
b - Scorch                Fire           70%        2d8       1%          2
c - Flame Wave            Conj/Fire      28%        2d8       22%         4

Your spell library contained the following spells:

 Spells                   Type           Power      Damage    Failure   Level
 Freeze                   Ice            44%        1d6       5%          1
 Conjure Flame            Conj/Fire      28%        6-21      7%          3
 Inner Flame              Hex/Fire       26%        N/A       8%          3
 Frozen Ramparts          Ice            22%        1d4       17%         3
 Hailstorm                Conj/Ice       13%        3d5       43%         4


Dungeon Overview and Level Annotations

Branches:
Dungeon (5/15)
 Temple: D:4-7

Altars:
Dithmenos
Fedhas
Trog
Wu Jian


Innate Abilities, Weirdness & Mutations

You have very sharp teeth.
Your uncanny sense of smell can sniff out nearby items.
Your experience applies equally to all skills.


Message History

The centaur's fire resistance burns away.
The centaur shoots an arrow.
The arrow hits you!
The centaur shoots an arrow.
The arrow hits you!
* * * LOW HITPOINT WARNING * * *
The centaur shoots an arrow.
The arrow hits you.
* * * LOW HITPOINT WARNING * * *
Casting: Scorch (safe; 1% risk of failure)
Confirm with . or Enter, or press ? or * to list all spells.
You feel a surge of power!
Flames lash the centaur.
The centaur is severely wounded.
The centaur shoots an arrow.
The arrow misses you.
The centaur shoots an arrow.
The arrow hits you!
* * * LOW HITPOINT WARNING * * *
Casting: Scorch (safe; 1% risk of failure)
Confirm with . or Enter, or press ? or * to list all spells.
You feel a surge of power!
Flames lash the centaur.
The centaur is burned terribly!
You kill the centaur!
Your Invocations skill increases to level 3!
An ice beast comes into view.
Casting: Scorch (safe; 1% risk of failure)
Confirm with . or Enter, or press ? or * to list all spells.
You feel a surge of power!
Flames lash the ice beast.
The ice beast melts!
The ice beast is heavily wounded.
The ice beast's fire resistance burns away.
A killer bee comes into view.
The killer bee moves out of view.
Okay, then.
Casting: Scorch (safe; 1% risk of failure)
Confirm with . or Enter, or press ? or * to list all spells.
You feel a surge of power!
You miscast Scorch.
You are very lightly contaminated with residual magic.
Nothing appears to happen.
The ice beast misses you.
Casting: Scorch (safe; 1% risk of failure)
Confirm with . or Enter, or press ? or * to list all spells.
You feel a surge of power!
Flames lash the ice beast.
The ice beast melts!
The ice beast is heavily wounded.
The ice beast barely misses you.
The killer bee misses you. x2; The ice beast hits you.
You die...

######... #........
#....#..# #[?..##.#∆
##########.(..##.# .
.................+ .#
.#########..†....# $#.
.### #.....#.# .#..
...###########†#@#
.)c#
...............yY#8..#
##.###########.#).#
...#### #..........
......# ##.###...).
......# #.# .....
......# ###.###.####
......# #........#
......# #........#


You could see an ice beast (combustible) and a killer bee.

Vanquished Creatures
  Sigmund (D:4)
  2 centaurs
  2 phantoms (D:4)
  2 killer bees (D:5)
  A hound (D:5)
  A jelly (D:5)
  An iguana (D:4)
  Terence (D:2)
  5 adders
  A white imp (D:5)
  A worm (D:2)
  A dart slug (D:3)
  3 orcs
  10 ball pythons
  An endoplasm (D:4)
  2 giant cockroaches (D:1)
  5 goblins
  3 hobgoblins
  5 jackals
  7 quokkas
  5 bats
  3 frilled lizards
  4 kobolds
  6 rats
73 creatures vanquished.

Vanquished Creatures (collateral kills)
  An orc (D:4)
1 creature vanquished.

Vanquished Creatures (others)
  151 foxfires
151 creatures vanquished.

Grand Total: 225 creatures vanquished

Notes
Turn   | Place    | Note
-------+----------+-------------------------------------------
     0 | D:1      | Ijustatesigmund the Gnoll Fire Elementalist began the quest
                  | for the Orb.
     0 | D:1      | Reached XP level 1. HP: 13/13 MP: 6/6
   473 | D:1      | Reached XP level 2. HP: 18/19 MP: 4/7
   522 | D:1      | Learned a level 2 spell: Scorch
  1294 | D:1      | Reached XP level 3. HP: 25/25 MP: 2/9
  1362 | D:1      | Reached skill level 5 in Spellcasting
  1433 | D:2      | Noticed Terence
  1436 | D:2      | Killed Terence
  1437 | D:2      | Reached skill level 1 in Fighting
  1437 | D:2      | Reached skill level 1 in Short Blades
  1437 | D:2      | Reached skill level 1 in Long Blades
  1437 | D:2      | Reached skill level 1 in Axes
  1437 | D:2      | Reached skill level 1 in Maces & Flails
  1437 | D:2      | Reached skill level 1 in Polearms
  1437 | D:2      | Reached skill level 1 in Staves
  1437 | D:2      | Reached skill level 1 in Slings
  1437 | D:2      | Reached skill level 1 in Bows
  1437 | D:2      | Reached skill level 1 in Crossbows
  1437 | D:2      | Reached skill level 1 in Throwing
  1437 | D:2      | Reached skill level 1 in Armour
  1437 | D:2      | Reached skill level 1 in Shields
  1437 | D:2      | Reached skill level 1 in Unarmed Combat
  1437 | D:2      | Reached skill level 1 in Invocations
  1437 | D:2      | Reached skill level 1 in Evocations
  1729 | D:2      | Reached XP level 4. HP: 32/32 MP: 8/11
  1734 | D:2      | Learned a level 4 spell: Flame Wave
  1823 | D:2      | Found an ornate altar of the Wu Jian Council.
  2594 | D:3      | Reached skill level 1 in Hexes
  2594 | D:3      | Reached skill level 1 in Summonings
  2594 | D:3      | Reached skill level 1 in Necromancy
  2594 | D:3      | Reached skill level 1 in Translocations
  2594 | D:3      | Reached skill level 1 in Transmutations
  2594 | D:3      | Reached skill level 1 in Ice Magic
  2594 | D:3      | Reached skill level 1 in Air Magic
  2594 | D:3      | Reached skill level 1 in Earth Magic
  2594 | D:3      | Reached skill level 1 in Poison Magic
  2968 | D:4      | Noticed Sigmund
  2978 | D:4      | Killed Sigmund
  2979 | D:4      | Reached XP level 5. HP: 25/38 MP: 9/12
  2979 | D:4      | Reached XP level 6. HP: 29/44 MP: 10/14
  3230 | D:4      | Reached skill level 5 in Dodging
  3632 | D:4      | Found a shadowy altar of Dithmenos.
  3679 | D:4      | Reached XP level 7. HP: 15/50 MP: 15/15
  4278 | D:4      | Found a bloodstained altar of Trog.
  4406 | D:5      | Entered Level 5 of the Dungeon
  4430 | D:5      | Found a blossoming altar of Fedhas.
  4715 | D:5      | Reached skill level 5 in Stealth
  4833 | D:5      | HP: 1/51 [centaur/arrow (10)]
  4840 | D:5      | Slain by an ice beast

Illustrated notes

Levels and vault maps discovered:
D:1:      grunt_arrival_crossed_arrows, layout_basic
D:2:      layout_basic, basic_altar, uniq_terence
D:3:      layout_rooms
D:4:      layout_loops_ring, kennysheep_little_box,
          mainiacjoe_overflow_six_doors_small, uniq_sigmund
D:5:      layout_basic, fedhas_bush_and_centaur_altar, minivault_1,
          grunt_ministairs_3

Skill      XL: |  1  2  3  4  5  6  7 |
---------------+----------------------+-----
Conjurations   | 2 3 |  3.1
Spellcasting   | 5 |  5.7
Fighting       | 1 2 |  2.7
Short Blades   | 1 2 |  2.7
Long Blades    | 1 2 |  2.7
Axes           | 1 2 |  2.7
Maces & Flails | 1 2 |  2.7
Polearms       | 1 2 |  2.7
Staves         | 1 2 |  2.7
Slings         | 1 2 |  2.7
Bows           | 1 2 |  2.7
Crossbows      | 1 2 |  2.7
Throwing       | 1 2 |  2.7
Armour         | 1 2 |  2.7
Shields        | 1 2 |  2.7
Unarmed Combat | 1 2 |  2.7
Invocations    | 1 2 3 |  3.0
Evocations     | 1 2 |  2.7
Hexes          | 1 2 |  2.2
Summonings     | 1 2 |  2.2
Necromancy     | 1 2 |  2.2
Translocations | 1 2 |  2.2
Transmutations | 1 2 |  2.2
Ice Magic      | 1 2 |  2.2
Air Magic      | 1 2 |  2.2
Earth Magic    | 1 2 |  2.2
Poison Magic   | 1 2 |  2.2
Dodging        | 5 |  5.4
Stealth        | 5 |  5.0
Fire Magic     | |  5.9

Action                   |  1- 3 |  4- 6 |  7- 9 || total
-------------------------+-------+-------+-------++-------
Melee: Mace              |     7 |     8 |    13 ||    28
       Bite              |     1 |     1 |       ||     2
 Cast: Foxfire           |    44 |    38 |     9 ||    91
       Scorch            |     2 |    12 |    17 ||    31
Evoke: Wand              |       |     4 |       ||     4
  Use: Scroll            |     3 |     7 |       ||    10
       Potion            |       |       |     1 ||     1
Armor: Robe              |     3 |     3 |    13 ||    19
Dodge: Dodged            |    16 |    16 |    30 ||    62

Table legend: (Time is in decaauts)
 A = Elapsed time spent in this place.
 B = Non-inter-level travel time spent in this place.
 C = Inter-level travel time spent in this place.
 D = Time resting spent in this place.
 E = Time spent auto-exploring this place.
 F = Levels seen in this place.
 G = Mean time per level.
                   A        B        C        D        E       F      G
               +--------+--------+--------+--------+--------+-----+--------+
         Total |   4849 |   4765 |     84 |    838 |   3353 |   5 |  969.8 |
       Dungeon |   4849 |   4765 |     84 |    838 |   3353 |   5 |  969.8 |
               +--------+--------+--------+--------+--------+-----+--------+

Top non-repeatable levels by time:
     D:1: 1434 daAuts
     D:4: 1204 daAuts
     D:2: 1047 daAuts
     D:3: 724 daAuts
     D:5: 437 daAuts
